 Seeded DCSS version 0.31.0-11-ge490571c62 (webtiles) character file.

Game seed: 2 (custom seed)

2491 Kazon the Sneak (level 9, -3/58 HPs)
             Began as an Octopode Shapeshifter on Jan 29, 2024.
             Was a Priest of Okawaru.
             Slain by an orc knight
             ... wielding a +0 glaive
              (9 damage)
             ... in a bailey on Jan 30, 2024.
             The game lasted 00:23:01 (4005 turns).

Kazon the Sneak (Octopode Shapeshifter)             Turns: 4005, Time: 00:23:01

Health: -3/58      AC:  5    Str: 13    XL:     9   Next: 52%
Magic:  0/11       EV: 16    Int: 13    God:    Okawaru [***...]
Gold:   260        SH:  0    Dex: 21    Spells: 8/8 levels left

rFire   . . .        e - +0 dagger (venom)
rCold   + . .        v - orb {mayhem}
rNeg    . . .        (helmet currently unavailable)
rPois   +            j - amulet of guardian spirit
rElec   .            k - +4 ring of slaying
rCorr   +            n - +4 ring of protection
SInv    .            D - ring of poison resistance
Will    .....        E - +6 ring of dexterity
Stlth   ++++         J - ring of resist corrosion
HPRegen 0.29/turn    L - ring of protection from cold
MPRegen 0.12/turn    (no ring)
                     (no ring)

%: mayhem, guardian spirit
@: beast-form
A: beast (slay +2), almost no armour, amphibious, 8 rings, camouflage 1,
gelatinous body 1, (nimble swimmer 1), tentacles
a: Begin Untransformation, Renounce Religion, Heroism


You were in a bailey.
You worshipped Okawaru.
Okawaru was most pleased with you.
You were a hulking beast.
You visited 2 branches of the dungeon, and saw 8 of its levels.
You also visited: Ossuary and Bailey.

You collected 260 gold pieces.

Inventory:

Hand Weapons
 e - a +0 dagger of venom (weapon)
 q - a +0 flail
Missiles
 d - 19 stones (quivered)
 m - 11 poisoned darts
Armour
 c - a +0 buckler
 v - an orb of mayhem (worn)
 K - a +0 hat
Jewellery
 j - an amulet of guardian spirit (around mantle)
 k - a +4 ring of slaying (left tentacle)
 n - a +4 ring of protection (right tentacle)
 D - a ring of poison resistance (on tentacle)
 E - a +6 ring of dexterity (on tentacle)
 J - a ring of resist corrosion (on tentacle)
 L - a ring of protection from cold (on tentacle)
Talismans
 b - a beast talisman
 x - a flux talisman
 y - a serpent talisman
Wands
 M - a wand of light (11)
Scrolls
 g - a scroll of poison {unknown}
 h - 2 scrolls of immolation {unknown}
 i - 6 scrolls of identify {unknown}
 o - 2 scrolls of enchant armour {unknown}
 r - 5 scrolls of teleportation {unknown}
 s - 3 scrolls of vulnerability {unknown}
 w - 2 scrolls of noise {unknown}
 G - 3 scrolls of torment {unknown}
Potions
 a - 3 potions of lignification
 f - a potion of enlightenment {unknown}
 l - 3 potions of mutation {unknown}
 p - 2 potions of attraction {unknown}
 t - a potion of degeneration {unknown}
 u - 2 potions of cancellation {unknown}
 z - 3 potions of heal wounds {unknown}
 A - a potion of resistance {unknown}
 B - 2 potions of curing {unknown}
 C - 3 potions of might {unknown}
 F - a potion of ambrosia {unknown}
 H - a potion of berserk rage {unknown}
 I - a potion of haste {unknown}


   Skills:
 * Level 4.2 Fighting
 * Level 4.3 Short Blades
 + Level 4.5 Maces & Flails
 * Level 3.8 Throwing
 * Level 4.6 Dodging
 + Level 5.4 Stealth
 * Level 3.2 Shields
 - Level 3.0 Unarmed Combat
 * Level 3.3 Invocations
 * Level 5.1 Shapeshifting


You had 8 spell levels left.
You didn't know any spells.
Your spell library contained the following spells:

 Spells                   Type           Power      Damage    Failure   Level
 Apportation              Tloc           0%         N/A       30%         1
 Jinxbite                 Hex            0%         N/A       43%         2
 Manifold Assault         Tloc           0%         N/A       97%         4
 Alistair's Intoxication  Alch           0%         N/A       100%        5
 Dispersal                Tloc           0%         N/A       100%        6
 Disjunction              Tloc           0%         N/A       100%        8


Dungeon Overview and Level Annotations

Branches:
Dungeon (7/15)             Temple (1/1) D:5         Ossuary (visited)
 Bailey (1/1)

Altars:
Ashenzari
Cheibriados
Dithmenos
Elyvilon
Fedhas
Gozag
Hepliaklqana
Makhleb
Nemelex Xobeh
Okawaru
Qazlal
Ru
Sif Muna
Trog
Uskayaw
Vehumet
Wu Jian
Xom
Yredelemnul
Zin
The Shining One

Shops:
D:2 (   D:3 (

Annotations:
D:7 Jeremiah Bailey 2 runed translucent doors


Innate Abilities, Weirdness & Mutations

You are a hulking beast.
Your limbs bulge with bestial killing power. (Slay +2)
You cannot wear most types of armour.
You are amphibious.
You can wear up to eight rings at the same time.
Your skin changes colour to match your surroundings (Stealth+).
Your rubbery body absorbs attacks. (AC +1, EV +1)
((You are camouflaged when in or above water. (Stealth+)))
You have tentacles for arms and can constrict up to eight enemies at once.


Message History

The orc attacks as it pursues you! The orc misses you.
The orc hits you from afar with a +0 spear.
The orc hits you from afar with a +0 spear.
The orc barely misses you. The orc closely misses you.
An orc knight comes into view. It is wielding a +0 glaive.
The deep elf pyromancer shouts!
The orc completely misses you. The orc hits you but does no damage.
Found seven items.
Found 13 gold pieces.
The orc attacks as it pursues you! The orc barely misses you.
The orc closely misses you.
The orc shouts!
The orc attacks as it pursues you! The orc barely misses you.
The orc closely misses you.
The orc knight shouts!
The orc hits you from afar with a +0 spear.
Found a lightning rod (4/4).
The orc shouts!
The orc knight hits you from afar with a +0 glaive!!
The orc is no longer moving quickly.
The orc no longer looks unusually strong.
The orc is no longer in an wild frenzy.
The orc knight roars a battlecry!
The orc goes into a battle-frenzy!
Found 21 gold pieces.
The orc knight hits you with a +0 glaive!!
The orc hits you from afar with a +0 spear.
* * * LOW HITPOINT WARNING * * *
You closely miss the orc knight. You grab the orc knight.
You constrict the orc knight, but do no damage.
The orc knight misses you.
You release your grip on the orc knight.
The orc attacks as it pursues you! The orc misses you.
The orc knight hits you with a +0 glaive!
* * * LOW HITPOINT WARNING * * *
You don't have enough magic at the moment.
Okay, then.
The orc knight hits you from afar with a +0 glaive!
You die...

♣..## ♣.... ♣..####
####
♣..#$.##########.$
...#..............
.♣.##..).........#
....#..########..#
#...#)8##}...##8.#
)...#))#!)...e#.h#
....'..#[?##..+..#
....)..#?$##..+.o#
...)#.)#$?....#o.#
#...#.8##[...##8.#
....#..########..#
)..##............##
...#..............#
≈..#$.##########..#


You could see an orc knight, a deep elf pyromancer and an orc (strong, slow).

Vanquished Creatures
  2 water moccasins (D:7)
  A sky beast (D:6)
  A black bear (D:6)
  2 orc warriors
  4 centaurs
  2 ogres
  A phantom (D:4)
  A gnoll sergeant (D:6)
  2 scorpions
  6 water moccasin zombies (Ossuary)
  A burial acolyte (Ossuary)
  2 bombardier beetles
  2 hounds
  2 iguanas
  3 orc wizards (D:5)
  2 crocodile zombies (Ossuary)
  A bullfrog simulacrum (Ossuary)
  2 mummies (Ossuary)
  8 adders
  5 gnolls (D:6)
  A white imp (D:6)
  2 ufetubi
  4 adder zombies (Ossuary)
  3 dart slugs
  A ribbon worm (D:2)
  13 orcs
  3 ball pythons
  5 bats
  11 endoplasms
  2 giant cockroaches (D:3)
  10 gnoll zombies (Ossuary)
  12 goblins
  2 hobgoblins
  2 jackals (D:3)
  7 quokkas
  2 frilled lizards
  2 jackal zombies (Ossuary)
  2 kobolds
  4 orc zombies (Ossuary)
  4 rats
142 creatures vanquished.

Vanquished Creatures (collateral kills)
  3 orc warriors (Bailey)
  2 orcs (Bailey)
5 creatures vanquished.

Grand Total: 147 creatures vanquished

Notes
Turn   | Place    | Note
-------+----------+-------------------------------------------
     0 | D:1      | Kazon the Octopode Shapeshifter began the quest for the
                  | Orb.
     0 | D:1      | Reached XP level 1. HP: 13/13 MP: 1/1
    95 | D:1      | Reached XP level 2. HP: 18/18 MP: 2/2
   776 | D:2      | Reached XP level 3. HP: 22/24 MP: 1/3
   950 | D:2      | Found Weaqack's Weapon Shop.
   955 | D:2      | Reached XP level 4. HP: 29/29 MP: 4/4
  1139 | D:3      | Found Hivuethe's Antique Weapon Shoppe.
  1183 | D:3      | Reached skill level 1 in Short Blades
  1185 | D:3      | Noticed an ogre
  1198 | D:3      | Killed an ogre
  1199 | D:3      | Reached skill level 1 in Throwing
  1199 | D:3      | Reached skill level 1 in Stealth
  1199 | D:3      | Reached XP level 5. HP: 34/34 MP: 3/5
  1254 | D:3      | Found a shimmering altar of Xom.
  1255 | D:3      | Found a shimmering altar of Xom.
  1256 | D:3      | Found a shimmering altar of Xom.
  1573 | D:4      | Found a sacrificial altar of Ru.
  1652 | D:4      | Noticed a phantom
  1667 | D:4      | Killed a phantom
  1668 | D:4      | Reached XP level 6. HP: 39/41 MP: 6/6
  1994 | D:5      | Entered Level 5 of the Dungeon
  1999 | D:5      | Reached skill level 1 in Shields
  2033 | D:5      | Reached XP level 7. HP: 41/45 MP: 5/7
  2086 | D:5      | Found a staircase to the Ecumenical Temple.
  2095 | Temple   | Entered the Ecumenical Temple
  2102 | Temple   | Became a worshipper of Warmaster Okawaru
  2125 | D:5      | Reached skill level 1 in Maces & Flails
  2214 | D:5      | Found a sand-covered staircase.
  2224 | Ossuary  | Entered an ossuary
  2269 | Ossuary  | Reached skill level 1 in Invocations
  2330 | Ossuary  | Reached * piety under Okawaru
  2407 | Ossuary  | Reached XP level 8. HP: 51/52 MP: 7/9
  2794 | D:5      | Reached ** piety under Okawaru
  3269 | D:6      | Reached XP level 9. HP: 38/58 MP: 6/10
  3717 | D:7      | Noticed Jeremiah
  3794 | D:7      | Reached skill level 5 in Stealth
  3794 | D:7      | Reached skill level 5 in Shapeshifting
  3870 | D:7      | Found a flagged portal.
  3889 | Bailey   | Entered a bailey
  3921 | Bailey   | Found a large runed translucent door.
  3921 | Bailey   | Found a large runed translucent door.
  3922 | Bailey   | Noticed a deep elf pyromancer
  3961 | Bailey   | Reached *** piety under Okawaru
  3992 | Bailey   | Noticed an orc knight
  4005 | Bailey   | Slain by an orc knight

Illustrated notes

Levels and vault maps discovered:
D:1:      lightli_arrival_noodles, layout_loops_ring, skrybe_limestone_x
D:2:      layout_rooms, serial_shops, shop
D:3:      layout_basic, xom_redecorated, serial_shops, nicolae_shop_stone
D:4:      layout_rooms, mainiacjoe_overflow_six_doors_small,
          minmay_misc_feat_five
D:5:      layout_loops_ring, temple_pool_b, mainiacjoe_ossuary_entry_dusty_tomb
D:6:      layout_loops_ring, dk_noncrumbling_3
D:7:      layout_loops_cross, enter_bailey_5, guppyfry_early_elven_hall,
          uniq_jeremiah
Temple:   hellmonk_temple_of_storms
Bailey:   bailey_polearm_elven_captive_hellmonk, bailey

Skill      XL: |  1  2  3  4  5  6  7  8  9 |
---------------+----------------------------+-----
Fighting       | 2 3 4 |  4.2
Short Blades   | 1 2 3 4 |  4.3
Throwing       | 1 2 3 |  3.8
Stealth        | 1 2 3 4 5 |  5.4
Dodging        | 3 4 |  4.6
Shields        | 1 2 3 |  3.2
Shapeshifting  | 4 5 |  5.1
Maces & Flails | 3 4 |  4.5
Invocations    | 1 2 3 |  3.3
Unarmed Combat | |  3.0

Action                     |  1- 3 |  4- 6 |  7- 9 || total
---------------------------+-------+-------+-------++-------
  Melee: Unarmed           |    11 |     6 |       ||    17
         Tentacles         |    10 |     7 |    44 ||    61
         Constrict         |    11 |    13 |    44 ||    68
         Punch             |     2 |     1 |     4 ||     7
         Dagger            |    34 |    51 |    80 ||   165
         Flail             |       |     7 |    79 ||    86
  Throw: Stone             |     5 |    14 |     7 ||    26
         Dart              |       |     7 |    16 ||    23
 Invoke: Heroism           |       |       |     2 ||     2
    Use: Potion            |     1 |       |       ||     1
   Stab: Sleeping          |     5 |    10 |    12 ||    27
         Distracted        |       |       |     1 ||     1
 Armour: Skin              |    17 |    26 |    90 ||   133
  Dodge: Dodged            |    16 |    29 |   104 ||   149
  Block: Buckler           |       |     2 |    31 ||    33
